 Dungeon Crawl Stone Soup version 0.29-a0-9-g022ca4c890 (webtiles) character file.

Game seed: 729804181122884609

45630 croobank the Arsonist (level 14, -1/83 HPs)
             Began as a Pale Draconian Fire Elementalist on Jan 27, 2022.
             Was a High Priest of Hepliaklqana.
             Slain by a goliath frog (13 damage)
             ... on level 6 of the Lair of Beasts on Jan 28, 2022.
             The game lasted 02:46:59 (23530 turns).

croobank the Arsonist (DrFE)                       Turns: 23530, Time: 02:46:59

Health: -1/83      AC: 15    Str:  6    XL:     14   Next: 1%
Magic:  11/27      EV: 18    Int: 21    God:    Hepliaklqana [*****.]
Gold:   908        SH:  0    Dex: 20    Spells: 3/32 levels left

rFire   + . .      SeeInvis +   a - +6 dire flail (holy)
rCold   x . .      Faith    .   (shield currently unavailable)
rNeg    . . .      Spirit   .   (armour unavailable)
rPois   .          Reflect  .   Z - +1 hat {Will+}
rElec   .          Harm     .   e - +2 cloak {rCorr}
rCorr   +          Rampage  +   G - +1 pair of gloves of Free Will {Rampage rCorr Dex+4 Stlth-}
Will    ++...                   W - +0 pair of boots
Stlth   ++++......              L - amulet of magic regeneration
HPRegen 0.23/turn               Y - ring of wizardry
MPRegen 0.60/turn               S - ring "Koly" {Fire Str-5 Int+2 Dex+3 SInv}

@: swift, very quick
A: reduced essence, breathe steam, AC +8, unfitting armour, cold-blooded, steam
resistance
a: Breathe Steam, Renounce Religion, Recall Ancestor, Ancestor Identity,
Transference, Idealise


You were on level 6 of the Lair of Beasts.
You worshipped Hepliaklqana.
Hepliaklqana was extremely pleased with you.
You visited 4 branches of the dungeon, and saw 23 of its levels.

You collected 1029 gold pieces.
You spent 121 gold pieces at shops.

Inventory:

Hand Weapons
 a - a +6 dire flail of holy wrath (weapon)
 b - a +0 shortbow
 T - a +6 dagger
 U - a +2 battleaxe
Missiles
 o - 6 silver boomerangs
 q - 4 curare-tipped darts (quivered)
 w - 17 javelins
 C - 287 arrows
 R - 23 poisoned darts
Armour
 e - a +2 cloak of preservation (worn)
 A - a +0 buckler
 D - a +1 pair of gloves of hurling
 G - the +1 pair of gloves of Free Will (worn) {Rampage rCorr Dex+4 Stlth-}
   (You found it on level 9 of the Dungeon)

   Dex:       It affects your dexterity (+4).
   rCorr:     It protects you from acid and corrosion.
   Rampage:   It bestows one free step when moving towards enemies.
   Stlth:     It makes you less stealthy.
 W - a +0 pair of boots (worn)
 Z - a +1 hat of willpower (worn)
Jewellery
 f - a ring of positive energy
 g - an amulet of guardian spirit
 h - an amulet of the acrobat
 i - a +4 ring of protection
 k - a ring of willpower
 n - a +4 ring of slaying
 s - a +4 ring of protection
 F - a +6 ring of strength
 L - an amulet of magic regeneration (around neck)
 S - the ring "Koly" (right hand) {Fire Str-5 Int+2 Dex+3 SInv}
   (You found it on level 3 of the Lair of Beasts)

   [ring of fire]

   It enhances your fire magic.
   Str:       It affects your strength (-5).
   Int:       It affects your intelligence (+2).
   Dex:       It affects your dexterity (+3).
   rF:        It protects you from fire.
   rC:        It makes you vulnerable to cold.
   SInv:      It lets you see invisible.
 Y - a ring of wizardry (left hand)
Wands
 c - a wand of mindburst (7)
 j - a wand of flame (26)
 u - a wand of charming (11)
 y - a wand of paralysis (6)
 z - a wand of acid (10)
 J - a wand of polymorph (15)
 O - a wand of iceblast (19)
Scrolls
 d - 2 scrolls of amnesia
 m - a scroll of holy word
 p - a scroll of magic mapping
 x - 2 scrolls of identify
 M - 2 scrolls of silence
 N - 2 scrolls of immolation
 V - a scroll of fog
Potions
 l - 4 potions of lignification
 r - 2 potions of mutation
 t - 2 potions of haste
 v - a potion of brilliance
 B - 2 potions of magic
 E - 2 potions of resistance
 H - 3 potions of cancellation
 I - a potion of might
 K - 2 potions of curing
 X - a potion of invisibility


   Skills:
 - Level 8.0 Maces & Flails
 - Level 9.4 Dodging
 - Level 10.4 Stealth
 - Level 9.5 Spellcasting
 - Level 10.2 Conjurations
 + Level 7.1 Translocations
 - Level 11.6 Fire Magic


You had 3 spell levels left.
You knew the following spells:

 Your Spells              Type           Power      Damage    Failure   Level
a - Foxfire               Conj/Fire      100%       2x1d9     1%          1
b - Scorch                Fire           100%       2d10      1%          2
c - Swiftness             Air            9%         N/A       9%          3
d - Flame Wave            Conj/Fire      70%        2d13      1%          4
e - Slow                  Hex            36%        N/A       2%          1
f - Confusing Touch       Hex            9%         N/A       9%          3
g - Teleport Other        Tloc           40%        N/A       1%          3
h - Starburst             Conj/Fire      35%        6d10      4%          6
i - Dispersal             Tloc           20%        N/A       22%         6

Your spell library contained the following spells:

 Spells                   Type           Power      Damage    Failure   Level
 Shock                    Conj/Air       100%       1d9       1%          1
 Static Discharge         Conj/Air       31%        N/A       1%          2
 Conjure Flame            Conj/Fire      70%        6-21      1%          3
 Dazzling Flash           Conj/Hex       62%        N/A       1%          3
 Gell's Gravitas          Tloc           40%        N/A       1%          3
 Inner Flame              Hex/Fire       51%        N/A       1%          3
 Spider Form              Tmut/Pois      9%         N/A       9%          3
 Vampiric Draining        Necr           9%         2d6       9%          3
 Iskenderun's Mystic Bla  Conj/Tloc      46%        2d10      1%          4
 Sticky Flame             Conj/Fire      70%        2d8       1%          4
 Airstrike                Air            4%         N/A       26%         4
 Dispel Undead            Necr           9%         3d8       26%         4
 Alistair's Intoxication  Tmut/Pois      6%         N/A       56%         5
 Blade Hands              Tmut           4%         N/A       56%         5
 Animate Armour           Summ/Erth      Unusable   N/A       N/A         4

Dungeon Overview and Level Annotations

Branches:
Dungeon (14/15)            Temple (1/1) D:6            Lair (5/6) D:9
 Shoals (0/4) Lair:4       Spider (0/4) Lair:2        Slime (0/5) Lair:6
    Orc (2/2) D:12
    Elf: Orc:2       Vaults: D:13-14

Altars:
Ashenzari
Cheibriados
Dithmenos
Elyvilon
Fedhas
Hepliaklqana
Makhleb
Nemelex Xobeh
Okawaru
Qazlal
Sif Muna
Trog
Uskayaw
Xom
Zin
The Shining One

Shops:
D:6 *   D:8 ?   D:9 (   D:12 !   D:13 *

Portals:
Abyss: Lair:3

Annotations:
D:4 Sigmund; skittles's ghost, amateur MiGl
D:14 Agnes
Lair:1 3 runed translucent doors, issech's ghost, journeyman TrMo
Lair:3 2 transporters, Jempith's ghost, journeyman MiFi
Lair:4 3 runed translucent doors, Lesmeliq's ghost, journeyman HuWn
Lair:6 Kirke


Innate Abilities, Weirdness & Mutations

Your life essence is reduced to manifest your ancestor. (-10% HP)
You can breathe blasts of scalding, opaque steam.
Your pale cyan-grey scales are hard. (AC +8)
You cannot fit into any form of body armour.
You are cold-blooded and may be slowed by cold attacks.
You are immune to the effects of steam.


Message History

The plant is lightly damaged.
You finish channelling waves of flame.
You hear an angry hiss.
The plant is engulfed in a cloud of scalding steam. x2
The blink frog blinks!
A bullfrog comes into view.
The blink frog is engulfed in a cloud of scalding steam.
The bullfrog moves out of view.
Kirke, Weaver of Myths comes into view.
You rampage towards the cane toad!
You enter the shallow water.
Moving in this stuff is going to be slow.
The plant is engulfed in a cloud of scalding steam. x2
A nearby plant withers and dies.
The blink frog blinks!
The cane toad is engulfed in a cloud of scalding steam.
The cane toad misses you.
The blink frog is engulfed in blazing flames.
The cane toad is engulfed in a cloud of scalding steam.
The cane toad stings you but does no damage.
Kirke moves out of view.
Casting: Flame Wave (safe; 1% risk of failure)
Confirm with . or Enter, or press ? or * to list all spells.
Okay, then.
Blink to where?
Press: ? - help, Dir - move target A goliath frog comes into view.
As you read the scroll of blinking, it crumbles to dust.
The plant is engulfed in a cloud of scalding steam.
A nearby plant withers and dies.
Okay, then.
Okay, then.
Casting: Flame Wave (safe; 1% risk of failure)
Confirm with . or Enter, or press ? or * to list all spells.
You feel quick.
The blink frog blinks!
The goliath frog closely misses you.
The goliath frog hits you but does no damage.
A tyrant leech comes into view.
The blink frog blinks!
A cane toad comes into view.
The goliath frog hits you from afar!
You die...

.....#.......## .
.......J......#### #.
..J............#P###.#
.....$.......P........
#...........P......#..
#..#...#####.........# #
#.#####...........#
##.P.F≈#............
#..@.J.F.....(......
#...P.≈F.F..§.......#.
#.≈......≈≈≈≈≈≈..≈††..h§
≈..≈≈≈≈≈≈P≈≈#P≈≈≈≈.F†.Y.
.≈≈≈≈≈≈≈≈≈≈≈###≈≈§§§§§§h
F≈P≈P≈≈≈P≈≈###≈≈≈§≈§P§§.
≈≈≈≈≈≈≈≈≈####≈≈≈P≈≈§≈≈≈.
≈≈≈≈≈≈≈≈w≈ #≈≈≈≈≈≈≈..##
≈≈≈≈≈≈≈.####


You could see a tyrant leech (wandering), a goliath frog, 3 cane toads, a blink
frog, a jelly and an endoplasm (wandering).

Vanquished Creatures
  Jorgrun (D:12)
  A fire dragon (D:9)
  7 hydras
  A naga warrior (D:13)
  A boulder beetle (D:13)
  A centaur warrior (D:13)
  A two-headed ogre (D:11)
  A naga sharpshooter (D:13)
  A deep elf pyromancer (D:13)
  2 manticores
  4 elephants
  A black mamba (Lair:6)
  A demonic crawler (Lair:2)
  4 cane toads
  An unseen horror (D:12)
  A rime drake (Lair:4)
  6 komodo dragons
  A polar bear (Lair:6)
  2 trolls
  A tengu conjurer (D:13)
  9 blink frogs
  2 wyverns (D:8)
  A wraith (D:13)
  4 humans
  14 yaks
  Eustachio (D:6)
  12 vampire mosquitoes
  A warg (D:12)
  Edmund (D:6)
  2 acid dragons
  4 water moccasins
  3 orc warriors
  A swamp drake (Lair:3)
  A black bear (Lair:2)
  9 wolves
  2 necrophages (D:5)
  2 sky beasts
  3 ogres
  3 centaurs
  A phantom (D:6)
  4 bullfrogs
  A gnoll sergeant (D:13)
  5 scorpions
  A wyvern skeleton (D:7)
  A water moccasin skeleton (D:4)
  7 wights
  2 howler monkeys (D:8)
  An electric eel (Lair:3)
  A bullfrog zombie (D:6)
  2 centaur zombies (D:9)
  4 jellies
  2 orc priests
  A gnoll shaman (D:7)
  2 hounds
  11 iguanas
  An orc wizard (Orc:1)
  Terence (D:3)
  Robin (D:3)
  11 gnolls
  5 adders
  A white imp (D:6)
  An adder zombie (D:5)
  4 worms
  A dart slug (D:1)
  9 orcs
  5 endoplasms
  7 giant cockroaches
  17 goblins
  12 hobgoblins
  10 jackals
  6 ball pythons
  3 bats
  12 frilled lizards
  11 kobolds
  8 rats
  A bush (Lair:6)
287 creatures vanquished.

Vanquished Creatures (collateral kills)
  Gastronok (Lair:2)
  Snorg (Lair:3)
  Harold (Lair:2)
  A boulder beetle (Lair:6)
  Erolcha (D:11)
  A hydra (D:13)
  A centaur warrior (D:13)
  A two-headed ogre (D:9)
  A tengu warrior (D:13)
  Urug (D:11)
  An orc knight (D:12)
  2 ugly things (D:13)
  4 centaur zombies
  A black mamba (Lair:4)
  Maurice (D:11)
  A gargoyle (D:11)
  A cane toad (Lair:1)
  3 komodo dragons
  4 blink frogs
  15 yaks
  A human (D:7)
  2 shadows
  3 vampire mosquitoes
  A water moccasin (Lair:4)
  A warg (D:12)
  2 orc warriors (Orc:1)
  3 ogres (Orc:1)
  16 wolves
  3 centaurs
  A kobold brigand (D:7)
  5 bullfrogs
  2 scorpions
  A wyvern skeleton (D:7)
  3 wights
  3 howler monkeys (D:9)
  2 orc priests (Orc:1)
  3 orc wizards (Orc:1)
  A howler monkey zombie (D:7)
  5 gnolls
  2 orcs (Orc:1)
  2 frilled lizards (Lair:3)
  3 kobolds (D:7)
  A foxfire (Lair:2)
109 creatures vanquished.

Vanquished Creatures (others)
  3 iguanas (Lair:3)
  18 battlemagi
  3 ancestors
  A gnoll (D:5)
  460 foxfires
  12 fungi
  58 plants
555 creatures vanquished.

Grand Total: 951 creatures vanquished

Notes
Turn   | Place    | Note
-------+----------+-------------------------------------------
     0 | D:1      | croobank the Draconian Fire Elementalist began the quest
                  | for the Orb.
     0 | D:1      | Reached XP level 1. HP: 14/14 MP: 3/3
     0 | D:1      | Noticed a draconian
     0 | D:1      | Noticed a barachi
     3 | D:1      | Noticed a dwarf
     3 | D:1      | Noticed a naga
     5 | D:1      | Noticed a gargoyle
     9 | D:1      | Noticed a troll
    11 | D:1      | Noticed a minotaur
    13 | D:1      | Noticed a felid
    13 | D:1      | Noticed a demonspawn
    15 | D:1      | Noticed a tengu
    15 | D:1      | Noticed a spriggan
    17 | D:1      | Noticed a spriggan
    17 | D:1      | Noticed a naga
    21 | D:1      | Noticed a vampire
    32 | D:1      | Found a faded altar of an unknown god.
   395 | D:1      | Reached XP level 2. HP: 12/20 MP: 5/5
  1095 | D:1      | Learned a level 2 spell: Scorch
  1321 | D:1      | Reached XP level 3. HP: 26/26 MP: 4/6
  1349 | D:1      | Learned a level 3 spell: Swiftness
  1911 | D:2      | Reached XP level 4. HP: 30/33 MP: 2/7
  2220 | D:3      | Noticed Terence
  2260 | D:3      | Killed Terence
  2776 | D:3      | Reached XP level 5. HP: 38/38 MP: 0/9
  2920 | D:3      | Noticed Robin
  3180 | D:3      | Killed Robin
  3741 | D:4      | Noticed skittles's ghost (amateur MiGl)
  3754 | D:4      | Reached skill level 4 in Fire Magic
  4050 | D:4      | Reached XP level 6. HP: 23/45 MP: 3/10
  4056 | D:4      | Noticed Sigmund
  4487 | D:5      | Entered Level 5 of the Dungeon
  4885 | D:5      | Your scales start taking on a pale cyan-grey colour.
  4885 | D:5      | Reached skill level 5 in Fire Magic
  4885 | D:5      | Reached XP level 7. HP: 47/50 MP: 6/12
  4885 | D:5      | Gained mutation: You are immune to the effects of steam.
                  | [Pale Draconian growth]
  5304 | D:6      | Reached XP level 8. HP: 57/57 MP: 12/14
  5328 | D:6      | Noticed Eustachio
  5340 | D:6      | Killed Eustachio
  5419 | D:6      | Found Facawaell's Neck Hole.
  5656 | D:6      | Found a staircase to the Ecumenical Temple.
  5666 | Temple   | Entered the Ecumenical Temple
  5700 | Temple   | Became a worshipper of Hepliaklqana the Forgotten
  6557 | D:6      | Noticed Edmund
  6569 | D:6      | Killed Edmund
  6570 | D:6      | Reached skill level 6 in Fire Magic
  6625 | D:7      | Reached skill level 5 in Stealth
  6741 | D:7      | Reached * piety under Hepliaklqana
  6837 | D:7      | Reached skill level 5 in Conjurations
  7006 | D:7      | Got the Handbook of Earthen Moulding
  7039 | D:7      | Found a shimmering altar of Xom.
  7178 | D:7      | Reached skill level 5 in Spellcasting
  7189 | D:7      | Reached skill level 5 in Dodging
  7189 | D:7      | Reached XP level 9. HP: 55/55 MP: 2/16
  7551 | D:6      | Reached skill level 7 in Fire Magic
  8322 | D:8      | Found a broken altar of Ashenzari.
  8523 | D:8      | Learned a level 4 spell: Flame Wave
  8614 | D:8      | Reached skill level 1 in Maces & Flails
  8742 | D:8      | Found Juypt's Magic Scroll Emporium.
  8761 | D:8      | Bought a scroll of identify for 28 gold pieces
  8786 | D:8      | Reached ** piety under Hepliaklqana
  8787 | D:8      | Remembered your ancestor Mbali as a battlemage
  9165 | D:9      | Noticed a troll
  9172 | D:9      | Killed a troll
  9233 | D:9      | Found Beveususs's Antique Weapon Boutique.
  9257 | D:9      | Identified the +1 pair of gloves of Free Will {Rampage
                  | rCorr Dex+4 Stlth-}
  9337 | D:9      | Noticed a two-headed ogre
  9354 | D:9      | Killed a two-headed ogre
  9355 | D:9      | Reached XP level 10. HP: 62/62 MP: 16/19
  9403 | D:9      | Reached skill level 8 in Fire Magic
  9644 | D:9      | Noticed a fire dragon
  9644 | D:9      | Found a staircase to the Lair.
 10244 | D:10     | Entered Level 10 of the Dungeon
 10382 | D:10     | Found a bloodstained altar of Trog.
 10382 | D:10     | Found an iron altar of Okawaru.
 11182 | D:11     | Reached *** piety under Hepliaklqana
 11359 | D:11     | Noticed Urug
 11661 | D:11     | Noticed a gargoyle
 11673 | D:11     | Killed a gargoyle
 11836 | D:11     | Reached XP level 11. HP: 47/66 MP: 9/21
 12201 | D:11     | Learned a level 1 spell: Slow
 12205 | D:11     | Learned a level 3 spell: Confusing Touch
 12224 | D:11     | Killed Urug
 12225 | D:11     | Reached skill level 9 in Fire Magic
 12522 | D:11     | Noticed Maurice
 12528 | D:11     | Killed Maurice
 12659 | D:11     | Noticed a two-headed ogre
 12668 | D:11     | Killed a two-headed ogre
 12844 | D:11     | Noticed Erolcha
 12853 | D:11     | Killed Erolcha
 13010 | D:12     | Noticed an eight-headed hydra
 13035 | D:12     | Killed an eight-headed hydra
 13036 | D:12     | Reached skill level 5 in Maces & Flails
 13051 | D:12     | Reached **** piety under Hepliaklqana
 13053 | D:12     | Noticed Jorgrun
 13061 | D:12     | Noticed an eight-headed hydra
 13062 | D:12     | Noticed a five-headed hydra
 13449 | D:12     | Upgraded the game from 0.29-a0-8-g0446c0dae4 to
                  | 0.29-a0-9-g022ca4c890
 13543 | D:12     | Killed an eight-headed hydra
 13634 | D:12     | Killed a five-headed hydra
 13824 | D:12     | Noticed a five-headed hydra
 13833 | D:12     | Killed a five-headed hydra
 13907 | D:12     | Killed Jorgrun
 13908 | D:12     | Reached XP level 12. HP: 17/72 MP: 0/24
 14212 | D:12     | Found a staircase to the Orcish Mines.
 14263 | D:12     | Reached skill level 10 in Fire Magic
 14320 | D:12     | Found Fyaj Ask's Distillery.
 14325 | D:12     | Bought a potion of might for 60 gold pieces
 14475 | D:13     | Noticed a centaur warrior
 14486 | D:13     | Killed a centaur warrior
 14658 | Orc:1    | Entered Level 1 of the Orcish Mines
 15305 | Orc:2    | Entered Level 2 of the Orcish Mines
 15305 | Orc:2    | Noticed an orc warlord
 15347 | D:13     | Noticed a six-headed hydra
 15351 | D:13     | Killed a six-headed hydra
 15455 | D:13     | Noticed a boulder beetle
 15474 | D:13     | Killed a boulder beetle
 15580 | D:13     | Noticed a five-headed hydra
 15589 | D:13     | Killed a five-headed hydra
 15976 | D:13     | Noticed a centaur warrior
 15982 | D:13     | Killed a centaur warrior
 16248 | D:13     | Noticed a tengu warrior
 16262 | D:13     | Killed a tengu warrior
 16485 | D:13     | Found Xeugyjuvu's Serpentskin Sales.
 16485 | D:13     | Noticed a naga warrior
 16500 | D:13     | Killed a naga warrior
 16776 | D:13     | Bought 4 curare-tipped darts for 33 gold pieces
 16973 | D:14     | Noticed Agnes
 17116 | D:9      | Killed a fire dragon
 17427 | D:9      | Paralysed by a centaur for 3 turns
 17792 | Lair:1   | Entered Level 1 of the Lair of Beasts
 17805 | Lair:1   | Reached XP level 13. HP: 66/77 MP: 13/26
 17860 | Lair:1   | Reached skill level 11 in Fire Magic
 18682 | Lair:1   | Found a runed translucent gate.
 18682 | Lair:1   | Found a runed translucent gate.
 18683 | Lair:1   | Found a runed translucent gate.
 18690 | Lair:1   | Noticed issech's ghost (journeyman TrMo)
 18716 | Lair:1   | Reached skill level 10 in Stealth
 19613 | Lair:2   | Found a hole to the Spider Nest.
 19649 | Lair:2   | Noticed Gastronok
 19672 | Lair:2   | Reached skill level 10 in Conjurations
 19677 | Lair:2   | Killed Gastronok
 20007 | Lair:2   | Reached ***** piety under Hepliaklqana
 20181 | Lair:2   | Noticed Harold
 20200 | Lair:2   | Killed Harold
 20953 | Lair:3   | Reached skill level 1 in Translocations
 21046 | Lair:3   | Noticed Snorg
 21053 | Lair:3   | Learned a level 3 spell: Teleport Other
 21059 | Lair:3   | Killed Snorg
 21081 | Lair:3   | Found a transporter.
 21082 | Lair:3   | Found a one-way gate to the infinite horrors of the Abyss.
 21082 | Lair:3   | Noticed Jempith's ghost (journeyman MiFi)
 21148 | Lair:3   | Found a transporter.
 21610 | Lair:3   | Identified the ring "Koly" {Fire Str-5 Int+2 Dex+3 SInv}
 22235 | Lair:4   | Found a staircase to the Shoals.
 22244 | Lair:4   | Learned a level 6 spell: Starburst
 22248 | Lair:4   | Found a runed translucent gate.
 22249 | Lair:4   | Found a runed translucent gate.
 22250 | Lair:4   | Found a runed translucent gate.
 22252 | Lair:4   | Noticed Lesmeliq's ghost (journeyman HuWn)
 22289 | Lair:4   | Reached skill level 5 in Translocations
 23219 | Lair:5   | You fall into a shaft and drop 1 floor!
 23219 | Lair:6   | Entered Level 6 of the Lair of Beasts
 23350 | Lair:6   | Learned a level 6 spell: Dispersal
 23504 | Lair:6   | Found a staircase to the Slime Pits.
 23523 | Lair:6   | Reached XP level 14. HP: 10/83 MP: 11/27
 23525 | Lair:6   | Noticed Kirke
 23530 | Lair:6   | Slain by a goliath frog

Illustrated notes

Levels and vault maps discovered:
D:1:      shiori_arrival_whats_in_store_for_you, layout_basic,
          ebering_ecumenical_altar_mist
D:2:      layout_rooms
D:3:      layout_rooms, uniq_terence, uniq_robin
D:4:      layout_basic, gammafunk_ghost_stat_death, uniq_sigmund
D:5:      layout_basic
D:6:      layout_layer_cave, minmay_temple_entry_butterflies,
          nicolae_shop_sticking_my_neck_out, uniq_eustachio, uniq_edmund
D:7:      layout_loops_corners, mainiacjoe_overflow_six_doors_small,
          hangedman_decor_riveting, minmay_ruffians
D:8:      layout_basic, evilmike_ruin_ashenzari, serial_shops,
          nicolae_shop_statue_plus, kennysheep_nub, palyth_stone_intersect
D:9:      layout_basic, minmay_lair_entry_lava, enter_bailey_2, serial_shops,
          shop, ebering_dispersal_statue_hall
D:10:     layout_small_grid, grunt_temple_overflow_bloody_war,
          kennysheep_small_square
D:11:     layout_gridville, uniq_maurice, uniq_erolcha, uniq_urug
D:12:     layout_rooms, orc_0_dummy, serial_shops,
          nicolae_shop_advertising_works [nicolae_subvault_shop_adworks],
          uniq_jorgrun
D:13:     layout_basic, guppyfry_shop_venom
D:14:     layout_small_grid, david_vaults_4, minmay_misc_feat_plants,
          grunt_ministairs_14, uniq_agnes
Temple:   mainiacjoe_temple_coin_purse
Lair:1:   layout_regular_city, portal_ice_cave_entry_pillars_1,
          gammafunk_ghost_necromancy
Lair:2:   layout_small_grid, nicolae_spider_entry_non_spiders, uniq_harold,
          uniq_gastronok
Lair:3:   lemuel_reptile_caves, layout_loops_ring,
          gammafunk_ghost_abyssal_escape, fungi_pond_lemuel, uniq_snorg
Lair:4:   layout_small_grid, elwin_shoals_entry_rocks,
          gammafunk_ghost_hydra_chop
Lair:5:   layout_misc_corridors, disabler_island
Lair:6:   minmay_lair_end_frog_pond, layout_cave_pods,
          nicolae_slime_entry_slimehenge, uniq_kirke
Orc:1:    layout_diamond_mine, serial_shops, nicolae_square_shop
Orc:2:    st_orc_rangers, layout_caves

Skill      XL: |  1  2  3  4  5  6  7  8  9 10 11 12 13 |
---------------+----------------------------------------+-----
Stealth        | 2 3 4 5 6 7 8 9 10 | 10.4
Dodging        | 2 3 4 5 6 7 8 9 |  9.4
Conjurations   | 2 3 4 5 6 7 8 9 10 | 10.2
Spellcasting   | 3 4 5 6 7 8 9 |  9.5
Fire Magic     | 4 5 6 7 8 9 10 11 | 11.6
Maces & Flails | 2 4 5 7 8 |  8.0
Translocations | 7 |  7.1

Action                   |  1- 3 |  4- 6 |  7- 9 | 10-12 | 13-15 || total
-------------------------+-------+-------+-------+-------+-------++-------
Melee: Unarmed           |    71 |    48 |     3 |       |       ||   122
       Tailslap          |     6 |     9 |     8 |    12 |    28 ||    63
       Hand axe          |       |    10 |     5 |       |       ||    15
       Dire flail        |       |       |    30 |    54 |   156 ||   240
       Punch             |       |       |     1 |       |       ||     1
 Cast: Foxfire           |    49 |    70 |    40 |    57 |    64 ||   280
       Scorch            |    12 |    46 |    76 |   148 |   113 ||   395
       Flame Wave        |       |       |       |     4 |     8 ||    12
       Swiftness         |       |       |       |     5 |     2 ||     7
       Confusing Touch   |       |       |       |     3 |       ||     3
       Slow              |       |       |       |     2 |       ||     2
       Starburst         |       |       |       |       |     5 ||     5
Invok: Ancestor Life: Ba |       |       |     1 |       |       ||     1
       Recall Ancestor   |       |       |       |     2 |     1 ||     3
       Idealise          |       |       |       |     2 |       ||     2
 Abil: Breathe Steam     |       |       |    16 |    53 |    13 ||    82
Evoke: Wand              |       |     2 |     1 |     7 |     1 ||    11
  Use: Scroll            |       |     6 |    12 |    10 |     9 ||    37
       Potion            |       |     1 |     1 |    10 |     3 ||    15
 Stab: Distracted        |       |       |       |     2 |     2 ||     4
Armor: Skin              |    33 |    39 |    25 |   102 |   124 ||   323
Dodge: Dodged            |    51 |    76 |    53 |   199 |   281 ||   660

Table legend: (Time is in decaauts)
 A = Elapsed time spent in this place.
 B = Non-inter-level travel time spent in this place.
 C = Inter-level travel time spent in this place.
 D = Time resting spent in this place.
 E = Time spent auto-exploring this place.
 F = Levels seen in this place.
 G = Mean time per level.
                   A        B        C        D        E       F      G
               +--------+--------+--------+--------+--------+-----+--------+
         Total |  23589 |  22934 |    655 |   4151 |  14303 |  23 | 1025.6 |
       Dungeon |  17707 |  17198 |    509 |   3585 |  10185 |  14 | 1264.8 |
        Temple |     59 |     45 |     14 |      0 |     29 |   1 |   59.0 |
          Lair |   5440 |   5317 |    123 |    566 |   3836 |   6 |  906.7 |
  Orcish Mines |    381 |    372 |      9 |      0 |    252 |   2 |  190.5 |
               +--------+--------+--------+--------+--------+-----+--------+

Top non-repeatable levels by time:
     D:9: 2236 daAuts
    D:13: 1914 daAuts
    D:11: 1701 daAuts
     D:6: 1613 daAuts
     D:3: 1496 daAuts
  Lair:2: 1484 daAuts
    D:12: 1476 daAuts
     D:1: 1458 daAuts
     D:7: 1348 daAuts
  Lair:1: 1314 daAuts
    D:10: 1253 daAuts
  Lair:3: 1241 daAuts
  Lair:4: 1083 daAuts
     D:8: 955 daAuts
     D:2: 902 daAuts
